 Dungeon Crawl Stone Soup version 0.28.0 (webtiles) character file.

Game seed: 9021242373022264300

240 croobank the Vexing (level 5, -3/44 HPs)
             Began as a Draconian Arcane Marksman on Feb 11, 2022.
             Was an Initiate of Vehumet.
             Slain by a gnoll sergeant (13 damage)
             ... on level 4 of the Dungeon.
             The game lasted 00:17:12 (3840 turns).

croobank the Vexing (Draconian Arcane Marksman)     Turns: 3840, Time: 00:17:13

Health: -3/44      AC:  5    Str: 15    XL:     5   Next: 80%
Magic:  8/8        EV: 13    Int: 13    God:    Vehumet [......]
Gold:   157        SH:  0    Dex: 15    Spells: 4/8 levels left

rFire   . . .      SeeInvis .   a - +2 mace (venom)
rCold   . . .      Faith    .   (no shield)
rNeg    . . .      Spirit   .   (armour unavailable)
rPois   .          Reflect  .   (helmet restricted)
rElec   .          Harm     .   (no cloak)
rCorr   .          Rampage  .   (no gloves)
Will    +....                   (no boots)
Stlth   +.........              (no amulet)
HPRegen 0.14/turn               d - ring "Doamit" {Fly Will+ Str+2 Dex+2}
MPRegen 0.11/turn               (no ring)

@: about to teleport, flying
A: AC +5, unfitting armour, cold-blooded
a: Renounce Religion


You were on level 4 of the Dungeon.
You worshipped Vehumet.
Vehumet was noncommittal.
You visited 2 branches of the dungeon, and saw 5 of its levels.

You collected 157 gold pieces.

Inventory:

Hand Weapons
 a - a +2 mace of venom (weapon)
 b - a +0 hand crossbow
 f - a +0 trident
 m - a +0 whip
 p - a +2 dagger of venom
Missiles
 c - 2 bolts
 e - 31 arrows
 g - 56 sling bullets
 k - 39 stones (quivered)
Magical Staves
 o - a staff of conjuration
Jewellery
 d - the ring "Doamit" (left hand) {Fly Will+ Str+2 Dex+2}
   (You acquired it on level 3 of the Dungeon)

   [ring of flight]

   Str:       It affects your strength (+2).
   Dex:       It affects your dexterity (+2).
   Fly:       It grants you flight.
   Will:      It increases your willpower.
Scrolls
 q - a scroll of blinking {unknown}
 r - a scroll of immolation {unknown}
Potions
 h - a potion of degeneration {unknown}
 j - a potion of invisibility {unknown}


   Skills:
 + Level 2.9 Fighting
 + Level 2.9 Crossbows
 + Level 2.9 Dodging
 + Level 2.4 Spellcasting
 + Level 3.5 Hexes


You had 4 spell levels left.
You knew the following spells:

 Your Spells              Type           Power      Damage    Failure   Level
a - Slow                  Hex            40%        N/A       5%          1
b - Dazzling Flash        Conj/Hex       12%        N/A       34%         3

Your spell library contained the following spells:

 Spells                   Type           Power      Damage    Failure   Level
 Inner Flame              Hex/Fire       6%         N/A       34%         3
 Portal Projectile        Hex/Tloc       12%        N/A       34%         3
 Cause Fear               Hex            5%         N/A       50%         4
 Ozocubu's Armour         Ice            1%         N/A       58%         3
 Silence                  Hex/Air        3%         N/A       97%         5
 Agony                    Necr           1%         N/A       100%        5
 Ozocubu's Refrigeration  Ice            0%         4d5       100%        7


Dungeon Overview and Level Annotations

Branches:
Dungeon (4/15)             Temple (1/1) D:4

Altars:
Ashenzari
Cheibriados
Dithmenos
Elyvilon
Fedhas
Gozag
Hepliaklqana
Kikubaaqudgha
Makhleb
Nemelex Xobeh
Okawaru
Qazlal
Ru
Sif Muna
Trog
Uskayaw
Vehumet
Wu Jian
Xom
Yredelemnul
Zin
The Shining One

Annotations:
D:4 Eustachio


Innate Abilities, Weirdness & Mutations

Your plain brown scales are hard. (AC +5)
You cannot fit into any form of body armour.
You are cold-blooded and may be slowed by cold attacks.


Message History

You kill the ball python!
Vehumet accepts your kill.
A nearby plant withers and dies.
A gnoll sergeant comes into view.
It is wielding a +1 trident of protection.
A nearby plant withers and dies.
Your +2 mace of venom stops dripping with poison.
b - a +0 hand crossbow (weapon)
Fire: 5 bolts
Press: ? - help, Q - select action, (/) - cycle Shift-Dir - straight line, f - gnoll sergeant
Aim: a gnoll sergeant, wielding a +1 trident of protection and wearing a +0 ring mail (71% to hit)
You shoot a bolt. The bolt hits the gnoll sergeant.
The gnoll sergeant is lightly wounded.
Fire: 4 bolts
Press: ? - help, Q - select action, (/) - cycle Shift-Dir - straight line, f/p - gnoll sergeant
Aim: a gnoll sergeant, wielding a +1 trident of protection and wearing a +0 ring mail (lightly wounded, 71% to hit)
You shoot a bolt.
The bolt hits the gnoll sergeant but does no damage.
The gnoll sergeant is lightly wounded.
Fire: 3 bolts
Press: ? - help, Q - select action, (/) - cycle Shift-Dir - straight line, f/p - gnoll sergeant
Aim: a gnoll sergeant, wielding a +1 trident of protection and wearing a +0 ring mail (lightly wounded, 71% to hit)
You shoot a bolt.
The bolt hits the gnoll sergeant but does no damage.
The gnoll sergeant is lightly wounded.
Your +2 mace of venom begins to drip with poison!
a - a +2 mace of venom (weapon)
The gnoll sergeant hits you with a +1 trident of protection!
You barely miss the gnoll sergeant.
The gnoll sergeant is lightly wounded.
The gnoll sergeant hits you with a +1 trident of protection! x2
You sock the gnoll sergeant!
The gnoll sergeant is heavily wounded.
The gnoll sergeant hits you with a +1 trident of protection.
* * * LOW HITPOINT WARNING * * *
As you read the scroll of teleportation, it crumbles to dust.
You feel strangely unstable.
The gnoll shouts!
The gnoll sergeant closely misses you.
The gnoll sergeant hits you from afar with a +1 trident of protection!
You die...

...♣..PP♣P.........P.♣♣.P.♣...
♣♣♣....P♣..♣♣♣..♣♣.P♣♣.♣≈♣§.♣♣..P
..♣.♣.###♣♣.PP♣(.....#. ♣.P♣♣♣...
.♣.♣#..###.♣[.♣.(..#..#.♣P.♣.....
....#...#.......(####.#......####
##........####..g# #...####.# #.
##+####.....##..g#####..# #.# ##
......†.....####.....#..# #.####
................@....+.>####.....
....#.#.#.#.#........###...###...
.................#.....'...'.....
.##.#.......#....#.#####...###.##
.##..........)...#.# #...# #.##
.##[#...>...#..###.# #...# #...
.##............# #.# ##### #### #
#.#.......#.## #.# #...........#
#.#


You could see a gnoll sergeant and a gnoll.

Vanquished Creatures
  An ogre (D:4)
  A bullfrog skeleton (D:4)
  5 adders
  5 worms (D:2)
  A dart slug (D:2)
  An orc (D:3)
  6 endoplasms
  3 giant cockroaches
  7 goblins
  5 hobgoblins
  2 jackals
  3 quokkas
  11 ball pythons
  8 bats
  2 frilled lizards
  7 kobolds
  6 rats
74 creatures vanquished.

Vanquished Creatures (others)
  41 plants (D:4)
41 creatures vanquished.

Grand Total: 115 creatures vanquished

Notes
Turn   | Place    | Note
-------+----------+-------------------------------------------
     0 | D:1      | croobank the Draconian Arcane Marksman began the quest for
                  | the Orb.
     0 | D:1      | Reached XP level 1. HP: 16/16 MP: 2/2
   146 | D:1      | Reached XP level 2. HP: 23/23 MP: 3/3
   349 | D:1      | Found a faded altar of an unknown god.
   909 | D:2      | Found a hide-covered altar of Uskayaw.
   936 | D:2      | Reached XP level 3. HP: 29/29 MP: 3/5
  1041 | D:2      | Reached skill level 3 in Hexes
  1599 | D:2      | Reached XP level 4. HP: 36/36 MP: 3/6
  2238 | D:4      | Noticed Eustachio
  2421 | D:4      | Found a staircase to the Ecumenical Temple.
  2471 | Temple   | Entered the Ecumenical Temple
  2598 | Temple   | Became a worshipper of Vehumet
  2810 | D:3      | Learned a level 3 spell: Dazzling Flash
  2821 | D:3      | Found an opulent altar of Gozag.
  2978 | D:3      | Identified a scroll of acquirement
  2978 | D:3      | Acquired the ring "Doamit" {Fly Will+ Str+2 Dex+2}
  3478 | D:3      | Reached XP level 5. HP: 36/42 MP: 8/8
  3697 | D:4      | Found a shadowy altar of Dithmenos.
  3699 | D:4      | Noticed an ogre
  3725 | D:4      | Killed an ogre
  3840 | D:4      | Slain by a gnoll sergeant

Illustrated notes

Levels and vault maps discovered:
D:1:      dpeg_arrival_rooms_a, layout_basic, basic_ecumenical_altar
D:2:      minmay_skewed_foursquare, layout_basic, basic_altar
D:3:      layout_basic, mainiacjoe_overflow_boulevard
D:4:      wad_woods_stonehenge, layout_basic, minmay_temple_entry_glass,
          uniq_eustachio
Temple:   kilobyte_greek_temple

Skill      XL: |  1  2  3  4 |
---------------+-------------+-----
Crossbows      | 2 |  2.9
Dodging        | 2 |  2.9
Hexes          | 3 |  3.5
Fighting       | 2 |  2.9
Spellcasting   | 2 |  2.4

Action                   |  1- 3 |  4- 6 || total
-------------------------+-------+-------++-------
Melee: Mace              |       |    43 ||    43
       Trident           |       |    14 ||    14
       Tailslap          |       |     3 ||     3
 Fire: Hand crossbow     |   124 |    24 ||   148
Throw: Stone             |       |     1 ||     1
 Cast: Slow              |    22 |     7 ||    29
  Use: Scroll            |       |     8 ||     8
       Potion            |       |     2 ||     2
 Stab: Sleeping          |       |     2 ||     2
Armor: Skin              |    24 |    30 ||    54
Dodge: Dodged            |    29 |    49 ||    78
